 Dungeon Crawl Stone Soup version 0.28-a0-1374-ga75cb3825e (webtiles) character file.

Game seed: 14802887509081608568

134 bande the Covered (level 5, -10/33 HPs)
             Began as a Gargoyle Fighter on Jan 1, 2022.
             Killed by divine providence
             ... invoked by an orc priest
              (14 damage)
             ... on level 3 of the Dungeon.
             The game lasted 00:03:12 (2201 turns).

bande the Covered (Gargoyle Fighter)                Turns: 2201, Time: 00:03:12

Health: -10/33     AC: 15    Str: 25    XL:     5   Next: 17%
Magic:  5/5        EV:  7    Int:  9    God:
Gold:   89         SH:  4    Dex: 11    Spells: 4/4 levels left

rFire   . . .      SeeInvis .   a - +1 war axe (chaos)
rCold   . . .      Faith    .   c - +0 buckler
rNeg    + . .      Spirit   .   f - +0 plate armour
rPois   ∞          Reflect  .   (no helmet)
rElec   +          Harm     .   (no cloak)
rCorr   .          Rampage  .   (no gloves)
Will    .....                   (no boots)
Stlth   ..........              (no amulet)
HPRegen 0.11/turn               h - +6 ring of strength
MPRegen 0.09/turn               (no ring)

@: no status effects
A: sickness immunity, AC +4, negative energy resistance 1, electricity
resistance, torment resistance 1, petrification resistance
a: no special abilities


You were on level 3 of the Dungeon.
You visited 1 branch of the dungeon, and saw 3 of its levels.

You collected 89 gold pieces.

Inventory:

Hand Weapons
 a - a +1 war axe of chaos (weapon)
Armour
 c - a +0 buckler (worn)
 f - a +0 plate armour (worn)
Jewellery
 h - a +6 ring of strength (left hand)
Wands
 j - a wand of charming (1)
Potions
 d - a potion of might
 e - a potion of brilliance {unknown}
 g - 2 potions of curing
 i - 2 potions of haste {unknown}


   Skills:
 + Level 3.9 Fighting
 + Level 3.1 Axes
 + Level 4.1 Armour
 + Level 3.7 Shields
 * Level 1.0 Evocations


You had 4 spell levels left.
You didn't know any spells.
Your spell library was empty.

Dungeon Overview and Level Annotations

Branches:
Dungeon (3/15)

Altars:


Innate Abilities, Weirdness & Mutations

You are immune to sickness and miasma.
Your stone body is resilient. (AC +4)
You are immune to poison.
You resist negative energy. (rN+)
You are resistant to electric shocks. (rElec)
You are resistant to unholy torment.
You are immune to petrification.


Message History

An orc priest comes into view. It is wielding a +0 flail.
You hit the orc. You freeze the orc.
The orc is severely wounded.
The orc barely misses you.
An orc comes into view. It is wielding a +0 flail.
You slash the orc!
You kill the orc!
You hit the kobold. You freeze the kobold.
You kill the kobold!
You closely miss the orc. The orc hits you but does no damage.
You slash the orc!
You kill the orc!
The orc priest hits you with a +0 flail.
* * * LOW HITPOINT WARNING * * *
You feel better.
The orc priest hits you but does no damage.
You hit the orc priest.
Lightning courses through the orc priest!
You kill the orc priest!
The orc priest mumbles some strange prayers to Beogh against you.
Pain shoots through your body!
* * * LOW HITPOINT WARNING * * *
The orc barely misses you.
Your Axes skill increases to level 3!
Your Evocations skill increases to level 1!
You have reached level 5!
You feel better. The orc hits you but does no damage.
You hit the orc.
The orc is severely wounded.
The orc priest looks braver for a moment.
The orc barely misses you.
You hit the orc.
The orc is poisoned.
The orc is severely wounded.
You kill the orc!
The orc priest calls down the wrath of Beogh upon you.
Beogh smites you!
* * * LOW HITPOINT WARNING * * *
The orc priest calls down the wrath of Beogh upon you.
Beogh smites you!
You die...

#.### ....#
#.#.# #.#.# #
#.#.# #
#.##)#.##.#
#..)o.....#
####)#.####
#@#.# #.#.#
..#.# ####.#
####.## #.#
#.....# #.#
#.##.########
#.#
#.#....[...>#
#.#
#.#.........#


You could see an orc priest.

Vanquished Creatures
  An orc priest (D:3)
  An orc wizard (D:3)
  3 adders (D:2)
  A worm (D:2)
  A dart slug (D:2)
  6 orcs
  An endoplasm (D:2)
  A giant cockroach (D:2)
  3 goblins
  5 hobgoblins
  2 jackals (D:2)
  5 kobolds
  2 quokkas
  4 ball pythons
  4 frilled lizards
  5 rats
45 creatures vanquished.

Notes
Turn   | Place    | Note
-------+----------+-------------------------------------------
     0 | D:1      | bande the Gargoyle Fighter began the quest for the Orb.
     0 | D:1      | Reached XP level 1. HP: 14/14 MP: 1/1
   114 | D:1      | Found a faded altar of an unknown god.
   411 | D:1      | Reached XP level 2. HP: 19/19 MP: 2/2
   976 | D:2      | Reached XP level 3. HP: 24/24 MP: 3/3
  1857 | D:2      | Reached XP level 4. HP: 28/29 MP: 4/4
  1926 | D:2      | Reached skill level 4 in Armour
  2199 | D:3      | Reached skill level 1 in Evocations
  2199 | D:3      | Reached XP level 5. HP: 6/33 MP: 5/5
  2201 | D:3      | Killed from afar by an orc priest

Illustrated notes

Levels and vault maps discovered:
D:1:      amcnicky_arrival_feature_with_door, layout_basic,
          shapermc_ecumenical_altar_mp_vishouse
D:2:      layout_basic
D:3:      due_chaos_kobolds, layout_loops_ring, grunt_ministairs_10,
          minivault_11, kennysheep_generic_room_11

Skill      XL: |  1  2  3  4 |
---------------+-------------+-----
Axes           | 2 3 |  3.1
Armour         | 4 |  4.1
Evocations     | 1 |  1.0
Fighting       | |  3.9
Shields        | |  3.7

Action                   |  1- 3 |  4- 6 || total
-------------------------+-------+-------++-------
Melee: War axe           |   103 |    36 ||   139
  Use: Scroll            |     2 |     2 ||     4
       Potion            |       |     3 ||     3
Armor: Scale mail        |    57 |     8 ||    65
       Plate armour      |       |    11 ||    11
Dodge: Dodged            |    51 |    12 ||    63
Block: Buckler           |    24 |     8 ||    32

Table legend: (Time is in decaauts)
 A = Elapsed time spent in this place.
 B = Non-inter-level travel time spent in this place.
 C = Inter-level travel time spent in this place.
 D = Time resting spent in this place.
 E = Time spent auto-exploring this place.
 F = Levels seen in this place.
 G = Mean time per level.
                   A        B        C        D        E       F      G
               +--------+--------+--------+--------+--------+-----+--------+
         Total |   2257 |   2257 |      0 |    167 |   1688 |   3 |  752.3 |
       Dungeon |   2257 |   2257 |      0 |    167 |   1688 |   3 |  752.3 |
               +--------+--------+--------+--------+--------+-----+--------+

Top non-repeatable levels by time:
     D:2: 1158 daAuts
     D:1: 981 daAuts
     D:3: 117 daAuts
